Map: Oxide LE

Players

RazerBlader

  • Race: Terran Terran
  • League: Master
  • Spawn Location: 7:00

BlysK - Winner!

  • Race: Protoss Protoss
  • League: Master
  • Spawn Location: 1:00

Event: DreamHack SC2 Masters 2020 Winter

VOD

Have the link to the VOD?

Description

Time

  • Played on: Oct. 17, 2020, 3:53 a.m.
  • Length: 20:30

All games in this series

Show
View Real Time Build Order
Export as new Build Order

RazerBlader Terran 

Build Orders: Reaper Expand 

Get SALT Encoding   

  12  0:00  SCV  
  13  0:12  SCV  
  14  0:17  Supply Depot  
  14  0:24  SCV  
  15  0:38  SCV  
  15  0:40  Barracks  
  16  0:43  Refinery  
  16  0:50  SCV  
  17  1:02  SCV  
  18  1:14  SCV  
  19  1:27  Reaper  
  19  1:28  Orbital Command  
  20  1:43  Command Center  
  20  1:50  Supply Depot  
  20  1:55  SCV  
  20  1:59  Marine  
  22  2:07  SCV  
  23  2:11  Factory  
  22  2:17  Marine  
  22  2:22  Bunker  
  23  2:25  SCV  
  24  2:30  Refinery  
  24  2:36  Barracks Reactor  
  24  2:37  SCV  
  25  2:49  SCV  
  26  2:57  Hellion  
  28  2:58  Starport  
  28  3:01  SCV  
  28  3:05  Orbital Command  
  28  3:15  Marine x2  
  28  3:16  SCV  
  31  3:22  Widow Mine  
  33  3:30  SCV  
  33  3:31  SCV  
  35  3:35  Marine x2  
  35  3:37  Supply Depot  
  35  3:40  Medivac  
  39  3:43  Widow Mine  
  42  3:48  SCV  
  42  3:50  SCV  
  42  3:53  Marine x2  
  45  4:00  SCV  
  45  4:01  Supply Depot  
  45  4:02  SCV  
  47  4:07  Factory Tech Lab  
  47  4:11  Starport Tech Lab  
  47  4:12  SCV  
  47  4:13  Marine x2  
  47  4:14  SCV  
  51  4:24  SCV  
  51  4:25  Siege Tank  
  51  4:28  Barracks  
  56  4:33  Marine x2  
  56  4:35  Raven  
  56  4:37  SCV, Supply Depot  
  60  4:40  Barracks  
  60  4:45  SCV  
  61  4:49  SCV  
  62  4:58  SCV, Marine x2  
  65  5:01  Refinery  
  65  5:02  Engineering Bay  
  65  5:05  SCV  
  66  5:08  Supply Depot  
  66  5:11  SCV  
  67  5:14  Factory Reactor  
  67  5:15  Refinery  
  67  5:18  SCV, Supply Depot  
  67  5:23  SCV  
  66  5:33  Stimpack  
  66  5:34  Viking, Marauder, Marine x2  
  66  5:35  Marine  
  73  5:37  SCV  
  73  5:39  SCV  
  69  5:48  Terran Infantry Weapons Level 1  
  69  5:49  SCV  
  67  5:51  SCV  
  67  5:53  Marine  
  67  5:54  Marine  
  67  5:56  Widow Mine  
  72  6:01  SCV  
  72  6:02  Widow Mine  
  72  6:03  SCV  
  76  6:12  Starport Reactor, Marine  
  76  6:13  SCV  
  76  6:15  SCV  
  76  6:17  Marauder  
  81  6:19  Supply Depot, Widow Mine  
  81  6:22  Marine  
  84  6:25  SCV  
  84  6:28  SCV  
  86  6:35  Marine  
  86  6:37  SCV  
  86  6:39  Combat Shield  
  86  6:40  SCV  
  86  6:41  Supply Depot, Marauder, Marine  
  86  6:42  Marauder  
  86  6:46  Widow Mine  
  96  6:50  SCV  
  96  6:53  Medivac  
  96  6:54  SCV  
  96  6:56  Medivac  
  96  6:58  Supply Depot  
  96  6:59  Marine  
  100  7:02  SCV  
  100  7:03  Marauder  
  100  7:04  Marauder, Marine  
  100  7:06  Supply Depot, Missile Turret  
  106  7:09  Widow Mine  
  106  7:11  Widow Mine  
  110  7:20  Marine  
  110  7:22  Concussive Shells  
  111  7:24  Marauder  
  111  7:26  Marauder  
  115  7:36  Marine  
  116  7:39  Marine  
  113  7:45  Command Center  
  113  7:46  Marauder  
  113  7:47  Marauder  
  117  7:54  Marine, Barracks x2  
  117  7:57  Marine  
  119  8:07  Marauder  
  119  8:09  Widow Mine  
  119  8:11  Marine  
  105  8:24  Marine  
  105  8:25  Marine  
  105  8:26  Widow Mine  
  101  8:28  Marauder  
  101  8:29  Marauder  
  101  8:33  SCV  
  97  8:36  Terran Infantry Armor Level 1  
  97  8:37  Armory  
  97  8:38  Engineering Bay  
  89  8:42  Marine  
  89  8:43  Marine  
  89  8:47  SCV  
  84  8:50  Marauder, Marine  
  83  8:56  Barracks Tech Lab  
  83  8:57  Barracks Reactor, Orbital Command  
  83  8:58  SCV  
  83  9:00  Marine  
  83  9:01  Marine  
  86  9:05  Medivac x2  
  86  9:08  SCV  
  86  9:09  Marauder  
  93  9:11  Marauder  
  93  9:12  SCV  
  96  9:17  Marine  
  96  9:20  SCV  
  96  9:22  Marine  
  96  9:23  Marauder  
  101  9:24  SCV  
  101  9:25  SCV  
  101  9:26  Terran Infantry Weapons Level 2  
  101  9:30  Marauder  
  94  9:32  SCV, Marine  
  94  9:35  Marine x2  
  94  9:36  SCV, Marine  
  94  9:37  SCV  
  101  9:44  Marauder, Marine  
  101  9:45  Medivac x2  
  106  9:50  Marauder  
  106  9:51  Starport  
  106  9:52  Terran Ship Weapons Level 1  
  109  9:53  SCV  
  109  9:54  SCV  
  109  9:56  Refinery  
  109  9:58  Marauder, Refinery, Marine x2  
  109  9:59  Marine  
  116  10:01  Supply Depot x2, Widow Mine  
  116  10:04  Marine  
  116  10:05  Marine  
  120  10:09  Missile Turret  
  120  10:11  Marine  
  120  10:13  SCV  
  122  10:17  Viking x2  
  122  10:18  Marine  
  122  10:19  Marine x2  
  122  10:20  Marauder  
  122  10:21  SCV  
  132  10:22  SCV  
  132  10:25  Supply Depot  
  132  10:26  Supply Depot  
  132  10:27  Marine  
  134  10:30  Widow Mine  
  134  10:35  Missile Turret, Liberator  
  139  10:37  Marine x2  
  139  10:41  Liberator  
  144  10:45  Missile Turret  
  144  10:48  Missile Turret, Marine  
  144  10:49  Marine  
  144  10:56  Liberator  
  147  10:59  Terran Infantry Armor Level 2  
  147  11:01  Marine x3  
  150  11:05  Marine  
  150  11:06  Marauder  
  150  11:08  Marine  
  150  11:09  Marine  
  155  11:14  Supply Depot  
  155  11:16  Liberator  
  157  11:21  Marauder  
  157  11:24  Marauder  
  159  11:28  Marauder, Marine  
  159  11:29  Marine x2  
  159  11:32  Marine  
  163  11:39  Liberator  
  153  11:42  Marauder  
  153  11:45  Viking, Marauder, Marine  
  159  11:50  Marauder  
  158  11:58  Viking, Marine  
  158  11:59  Marine x2  
  158  12:00  SCV  
  151  12:03  Marine  
  151  12:04  Marauder  
  151  12:06  Marauder  
  151  12:08  Viking  
  158  12:10  Marine  
  159  12:16  Marine x2  
  159  12:20  Viking, Command Center  
  161  12:25  Viking  
  161  12:28  Marine x2  
  161  12:29  Marauder  
  167  12:36  Viking  
  138  12:39  Marine x2  
  138  12:40  Marauder  
  138  12:41  Marine  
  124  12:46  Marine x2  
  124  12:50  Marauder, Liberator  
  128  12:52  Liberator  
  128  12:57  Marine  
  132  13:01  Terran Infantry Weapons Level 3, Marine  
  133  13:08  Marine x2  
  133  13:10  Marine x2, Ghost Academy  
  137  13:15  Liberator  
  138  13:21  Marauder, Marine  
  138  13:26  Marine  
  142  13:28  Marauder x2  
  142  13:33  Marine x2  
  144  13:38  Marine  
  128  13:43  Marauder, Marine  
  127  13:48  Liberator  
  127  13:49  Marauder  
  127  13:50  Marauder  
  127  13:51  Marine x2, Liberator  
  139  13:56  Enhanced Shockwaves  
  139  14:03  Terran Infantry Armor Level 3  
  139  14:07  Marine x2  
  135  14:17  Marine  
  135  14:18  Marauder  
  135  14:19  Marine x2  
  135  14:23  Planetary Fortress  
  139  14:26  Missile Turret  
  139  14:28  Marine x2  
  141  14:32  Ghost  
  141  14:37  Ghost, Marine  
  146  14:41  Viking x2  
  147  14:47  Viking  
  147  14:49  Marine x2  
  151  14:53  Viking  
  151  14:58  Ghost  
  151  14:59  Marine x2  
  157  15:03  Terran Ship Weapons Level 2  
  157  15:06  Marine  
  158  15:08  Missile Turret  
  158  15:12  Sensor Tower  
  158  15:13  SCV  
  159  15:19  Marauder, Marine  
  151  15:24  SCV  
  151  15:25  Marine x3  
  151  15:26  Marauder  
  151  15:27  Marauder  
  121  15:37  Marine  
  121  15:42  Ghost, Refinery x2  
  120  15:43  Marine x3  
  120  15:46  SCV  
  120  15:47  SCV, Marauder  
  120  15:48  Marine  
  125  15:54  Marine  
  123  16:01  Marine x3  
  123  16:03  Medivac x4  
  134  16:07  Marauder  
  134  16:08  Ghost  
  138  16:11  Marine  
  138  16:12  Marine  
  138  16:18  Marine  
  138  16:19  SCV, Marine x2  
  114  16:27  Marine  
  114  16:29  Marine  
  114  16:30  Marine  
  113  16:33  Medivac  
  113  16:35  SCV x3  
  113  16:36  Marine x2  
  113  16:37  Marauder, Marine  
  123  16:43  Medivac  
  123  16:44  Medivac  
  123  16:45  Marine  
  128  16:47  SCV x2, Medivac  
  128  16:48  Marine  
  135  16:54  Marine x2  
  135  17:02  Command Center  
  135  17:05  Liberator  
  138  17:10  Marauder, Marine  
  138  17:11  Marine  
  135  17:24  Marine x2  
  135  17:25  Marauder  
  135  17:26  Ghost  
  135  17:28  Marine  
  135  17:29  Marine  
  143  17:35  Liberator  
  146  17:39  Liberator  
  146  17:42  Marine  
  146  17:43  Marine  
  151  17:51  Liberator  
  154  17:57  Liberator  
  134  18:12  Marine  
  110  18:15  Marine  
  110  18:16  Marauder x2, Marine  
  110  18:18  Marine, Liberator  
  110  18:19  Marine  
  101  18:29  Marine  
  101  18:33  Marine x2  
  104  18:35  Marine  
  104  18:37  Marauder, Marine  
  104  18:38  Marauder  
  107  18:42  Liberator  
  107  18:47  Marine  
  106  18:51  Marine x2  
  106  18:54  Planetary Fortress  
  103  18:57  Marauder, Marine  
  103  18:59  Marine  
  103  19:01  Marine  
  95  19:05  Marine  
  95  19:09  Marine x2  
  91  19:15  Marine  
  78  19:17  Marauder  
  78  19:18  Marine  
  78  19:19  Marine  
  76  19:27  Marine  
  76  19:29  Marine x2  
Show
View Real Time Build Order
Export as new Build Order

BlysK Protoss - Winner!

Build Orders: 1 Gate Expand 

Get SALT Encoding   

  12  0:00  Probe  
  13  0:12  Probe  
  14  0:17  Pylon  
  14  0:24  Probe  
  15  0:36  Probe (Chrono Boost), Gateway  
  15  0:42  Assimilator  
  16  0:46  Probe (Chrono Boost)  
  17  0:52  Probe  
  19  1:04  Probe  
  20  1:22  Nexus  
  20  1:28  Cybernetics Core  
  20  1:31  Probe  
  20  1:38  Assimilator  
  20  1:43  Probe  
  21  1:48  Pylon  
  21  1:55  Probe  
  22  2:03  Adept (Chrono Boost)  
  22  2:06  Warp Gate  
  22  2:07  Probe  
  25  2:19  Probe  
  26  2:23  Adept (Chrono Boost)  
  27  2:34  Twilight Council, Probe (Chrono Boost)  
  27  2:35  Probe (Chrono Boost)  
  30  2:46  Stalker  
  30  2:47  Probe x2 (Chrono Boost)  
  33  2:55  Probe  
  33  2:56  Probe  
  35  3:05  Charge  
  35  3:07  Probe  
  35  3:08  Probe  
  35  3:12  Robotics Facility  
  37  3:19  Probe  
  38  3:20  Probe  
  38  3:26  Gateway  
  39  3:35  Gateway  
  39  3:40  Probe x2  
  41  3:44  Gateway  
  41  3:47  Shield Battery  
  41  3:52  Probe  
  41  3:55  Probe  
  43  3:56  Warp Prism (Chrono Boost)  
  43  4:01  Gateway  
  45  4:06  Pylon  
  45  4:12  Pylon  
  45  4:15  Probe  
  47  4:24  Observer (Chrono Boost)  
  47  4:33  Probe, Stalker  
  47  4:36  Pylon  
  49  4:43  Zealot x3, Gateway  
  56  4:45  Observer (Chrono Boost)  
  54  4:56  Probe x2  
  52  5:04  Zealot  
  54  5:08  Probe  
  54  5:12  Pylon  
  55  5:17  Robotics Bay  
  55  5:23  Zealot x3  
  55  5:24  Zealot  
  51  5:30  Zealot x5  
  51  5:31  Probe x2  
  51  5:33  Blink (Chrono Boost)  
  59  5:36  Forge  
  59  5:40  Gateway  
  55  5:43  Probe  
  54  5:50  Probe  
  54  5:54  Assimilator  
  54  5:55  Probe  
  54  5:56  Assimilator  
  56  6:01  Nexus  
  56  6:05  Probe  
  56  6:08  Colossus (Chrono Boost)  
  63  6:12  Probe  
  63  6:17  Probe  
  65  6:19  Pylon  
  65  6:24  Probe, Stalker  
  65  6:25  Stalker  
  68  6:35  Probe  
  68  6:39  Probe  
  70  6:46  Sentry, Zealot x2  
  76  6:52  Colossus (Chrono Boost)  
  74  6:56  Probe  
  74  6:58  Probe  
  80  7:08  Probe  
  81  7:10  Probe  
  81  7:15  Probe  
  83  7:19  Shield Battery  
  83  7:20  Probe, Zealot x2  
  83  7:21  Pylon  
  83  7:22  Probe  
  87  7:25  Protoss Ground Weapons Level 1 (Chrono Boost)  
  87  7:27  Stalker x2  
  91  7:38  Colossus (Chrono Boost)  
  97  7:47  Probe  
  97  7:50  Probe  
  99  7:53  Stalker x2  
  99  7:57  Pylon  
  103  7:59  Stalker  
  103  8:01  Zealot  
  107  8:11  Zealot x2  
  84  8:24  Zealot  
  84  8:25  Zealot  
  84  8:26  Zealot x2  
  78  8:32  Stalker  
  78  8:33  Stalker x2  
  74  8:36  Probe  
  74  8:39  Disruptor (Chrono Boost)  
  74  8:41  Probe x2  
  68  8:48  Probe  
  68  8:54  Stalker x2, Zealot x2  
  73  9:00  Stalker, Zealot x2  
  79  9:07  Probe  
  79  9:09  Colossus (Chrono Boost)  
  83  9:16  Protoss Ground Armor Level 1 (Chrono Boost)  
  86  9:21  Sentry  
  86  9:22  Zealot x2  
  90  9:35  Probe x2  
  90  9:36  Photon Cannon  
  90  9:37  Extended Thermal Lance (Chrono Boost), Pylon  
  92  9:39  Shield Battery  
  93  9:45  Probe  
  93  9:48  Observer  
  93  9:52  Probe, Templar Archives  
  95  9:59  Probe  
  94  10:00  Probe  
  94  10:06  Stalker x2  
  99  10:08  Stalker, Zealot, Disruptor (Chrono Boost)  
  106  10:15  Pylon  
  106  10:25  Nexus  
  106  10:27  Pylon  
  106  10:33  Colossus (Chrono Boost)  
  112  10:40  Probe  
  112  10:41  Assimilator  
  113  10:45  Assimilator  
  113  10:50  Probe x2  
  113  10:52  Probe  
  113  10:55  Zealot, Gateway, High Templar x2  
  122  11:02  Probe x2, Archon  
  124  11:09  Stalker x3  
  124  11:11  Zealot  
  132  11:20  Disruptor (Chrono Boost)  
  132  11:24  Zealot  
  137  11:28  Pylon, Zealot x2  
  139  11:38  Stalker  
  139  11:39  Stalker x2  
  143  11:40  Probe  
  143  11:46  Stalker x2  
  148  11:53  Zealot  
  142  11:54  Warp Prism (Chrono Boost)  
  142  11:59  Protoss Ground Armor Level 2 (Chrono Boost)  
  142  12:02  Probe x3  
  142  12:06  Gateway  
  145  12:12  Probe  
  146  12:15  Forge  
  146  12:21  Probe  
  145  12:26  Probe  
  145  12:29  Dark Shrine  
  122  12:37  Protoss Ground Weapons Level 2 (Chrono Boost)  
  122  12:42  Probe  
  122  12:43  Probe  
  99  12:46  Probe, Colossus (Chrono Boost)  
  99  12:49  Probe  
  89  12:53  Zealot x8  
  103  13:02  Robotics Facility  
  103  13:09  Stalker  
  105  13:20  Photon Cannon  
  105  13:22  Stalker x2  
  105  13:23  Colossus (Chrono Boost)  
  105  13:24  Zealot x3  
  105  13:25  Zealot x3  
  114  13:36  Zealot  
  90  13:48  Zealot x3  
  90  13:49  Stalker x2  
  90  13:50  Zealot, High Templar x2  
  90  13:53  Archon  
  106  14:06  Gateway  
  112  14:10  Stalker x4  
  112  14:13  Colossus (Chrono Boost)  
  112  14:17  Probe  
  116  14:21  Zealot x2  
  116  14:23  Disruptor (Chrono Boost)  
  110  14:30  Pylon  
  113  14:32  Zealot x2  
  113  14:35  Zealot x3  
  113  14:36  Probe  
  123  14:41  High Templar x2  
  123  14:42  Zealot  
  129  14:48  Archon  
  129  14:51  Warp Prism (Chrono Boost)  
  131  14:55  Dark Templar  
  131  14:56  Dark Templar  
  135  15:01  Zealot x2  
  135  15:04  Stalker  
  141  15:07  Stalker  
  141  15:09  Stalker  
  119  15:28  Zealot x6  
  100  15:35  Disruptor x2 (Chrono Boost)  
  100  15:36  Stalker x3  
  112  15:51  Sentry  
  112  15:52  Protoss Ground Weapons Level 3 (Chrono Boost)  
  112  15:53  Zealot x3  
  118  16:04  Nexus  
  118  16:13  Observer (Chrono Boost)  
  118  16:14  Stalker x2  
  118  16:15  Stalker  
  118  16:16  Zealot  
  110  16:27  Zealot x4  
  110  16:31  Disruptor (Chrono Boost)  
  117  16:38  Dark Templar  
  119  16:42  Pylon  
  119  16:49  Stalker x2, Zealot x2  
  119  16:50  Zealot  
  129  16:55  Zealot  
  130  17:02  Stalker  
  130  17:03  Stalker  
  132  17:15  Disruptor (Chrono Boost)  
  135  17:18  Observer  
  135  17:26  Zealot x8  
  149  17:32  Disruptor (Chrono Boost)  
  152  17:45  Stalker  
  152  17:46  Stalker  
  152  17:47  Zealot x3  
  152  17:48  Zealot  
  111  18:11  Zealot  
  111  18:12  Zealot x6  
  103  18:19  Disruptor  
  95  18:27  Stalker x2  
  97  18:32  High Templar  
  97  18:33  High Templar  
  101  18:44  Stalker  
  101  18:45  Stalker, Zealot  
  83  19:04  Archon  
  83  19:05  Dark Templar  
  83  19:17  Stalker x3  
  83  19:18  Stalker  
  89  19:27  Stalker  
  89  19:28  Stalker  
  78  19:39  Stalker  
  78  19:40  Stalker  
Tags
 
Add a new tag
Caveats
  • Supply blocks, unpowered buildings, or Contaminate may cause inaccurate times.
  • Supply counts are checked every 10 seconds.